 Dungeon Crawl Stone Soup version 0.30.1-11-g7821555f0a (webtiles) character file.

Game seed: 3584301486100123979

110298 fishfloyd the Summoner (level 16, -15/125 HPs)
             Began as a Demonspawn Summoner on Dec 17, 2023.
             Was the Champion of Fedhas.
             Demolished by a salamander tyrant (20 damage)
             ... on level 3 of the Snake Pit.
             The game lasted 03:04:36 (40052 turns).

fishfloyd the Summoner (Demonspawn Summoner)       Turns: 40052, Time: 03:04:38

Health: -15/125    AC: 13    Str: 14    XL:     16   Next: 6%
Magic:  6/30       EV: 19    Int: 34    God:    Fedhas [******]
Gold:   225        SH:  5    Dex: 22    Spells: 2/35 levels left

rFire   . . .        o - +6 double sword (distort)
rCold   + . .        (no shield)
rNeg    + . .        k - +0 troll leather armour
rPois   +            D - +2 hat {Int+3}
rElec   .            f - +1 cloak of Moush {rC+ rN+ Will+++ Int+2}
rCorr   .            E - +0 pair of gloves
SInv    .            e - +2 pair of boots {Fly}
Will    ++++.        H - amulet of Ixozir {Reflect Fragile Int+6 Dex+3 SH+5}
Stlth   ++           v - ring of wizardry
HPRegen 1.20/turn    G - ring "Usywae" {rPois Str+6 Int-3 Dex+4}
MPRegen 0.22/turn

%: reflection, wizardry (x1)
@: weakened, forested, flying
A: horns 1, slimy green scales 2, ignite blood 2, spiny 3, clever 1, deformed
body
a: Renounce Religion, Wall of Briars, Grow Ballistomycete, Overgrow, Grow Oklob


You were on level 3 of the Snake Pit.
You worshipped Fedhas.
Fedhas was exalted by your worship.
You visited 5 branches of the dungeon, and saw 26 of its levels.
You also visited: Sewer and Gauntlet.

You collected 2523 gold pieces.
You spent 2298 gold pieces at shops.

Inventory:

Hand Weapons
 o - a +6 double sword of distortion (weapon)
 z - the +6 falchion of Vahuog {flame, rN+ Will+}
   (You found it on level 7 of the Dungeon)

   rN:        It protects you from negative energy.
   Will:      It increases your willpower.
Armour
 e - a +2 pair of boots of flying (worn)
 f - the +1 cloak of Moush (worn) {rC+ rN+ Will+++ Int+2}
   (You found it in a Gauntlet)

   Int:       It affects your intelligence (+2).
   rC:        It protects you from cold.
   rN:        It protects you from negative energy.
   Will:      It greatly increases your willpower.
 k - a +0 troll leather armour (worn)
 n - a +2 robe of cold resistance
 s - a +1 robe of fire resistance
 D - a +2 hat of intelligence (worn)
 E - a +0 pair of gloves (worn)
Jewellery
 c - a +4 ring of protection
 m - a ring of willpower
 v - a ring of wizardry (left hand)
 B - a ring of magical power
 G - the ring "Usywae" (right hand) {rPois Str+6 Int-3 Dex+4}
   (You found it on level 9 of the Dungeon)

   [ring of strength]

   Str:       It affects your strength (+6).
   Int:       It affects your intelligence (-3).
   Dex:       It affects your dexterity (+4).
   rPois:     It protects you from poison.
 H - the amulet of Ixozir (around neck) {Reflect Fragile Int+6 Dex+3 SH+5}
   (You found it in a Gauntlet)

   [amulet of reflection]

   It reflects blocked missile attacks.
   Int:       It affects your intelligence (+6).
   Dex:       It affects your dexterity (+3).
   Fragile:   It will be destroyed if unequipped.
   SH:        It affects your SH (+5).
 O - a ring of resist corrosion
 S - a +4 ring of slaying
 T - a ring of see invisible
 W - a ring of protection from fire
 X - a ring of protection from cold
Wands
 d - a wand of flame (44)
 t - a wand of quicksilver (2)
 x - a wand of roots (34)
 A - a wand of polymorph (40)
 I - a wand of mindburst (10)
 V - a wand of charming (7)
Scrolls
 g - 2 scrolls of silence
 u - 9 scrolls of teleportation
 w - 2 scrolls of blinking
 y - 10 scrolls of magic mapping
 C - 3 scrolls of brand weapon
 F - 17 scrolls of identify
 N - 4 scrolls of amnesia
 Q - 3 scrolls of vulnerability
 U - a scroll of immolation
Potions
 b - 3 potions of flight
 h - 4 potions of brilliance
 j - 7 potions of curing
 l - 6 potions of attraction
 p - a potion of heal wounds
 r - 3 potions of might
 P - 3 potions of haste
Miscellaneous
 a - a phial of floods
 q - a lightning rod (4/4)
 J - a box of beasts
 L - a phantom mirror
 M - a condenser vane
 Y - a piece from Xom's chessboard (15/15)


   Skills:
 + Level 11.2 Fighting
 + Level 9.8 Long Blades
 - Level 3.2 Polearms
 + Level 10.4 Dodging
 - Level 1.7 Stealth
 - Level 0.1 Unarmed Combat
 + Level 10.4 Spellcasting
 - Level 5.0 Hexes
 * Level 14.8 Summonings
 - Level 7.0 Air Magic
 + Level 13.2 Invocations


You had 2 spell levels left.
You knew the following spells:

 Your Spells              Type           Power      Damage    Failure   Level
a - Confusing Touch       Hex            51%        N/A       1%          3
b - Call Imp              Summ           100%       N/A       0%          2
c - Call Canine Familiar  Summ           87%        N/A       0%          3
d - Summon Guardian Gole  Hex/Summ       71%        N/A       1%          3
e - Summon Lightning Spi  Summ/Air       75%        N/A       1%          4
f - Summon Cactus Giant   Summ           43%        N/A       1%          6
g - Summon Forest         Summ/Tloc      31%        N/A       1%          5
h - Summon Hydra          Summ           43%        N/A       2%          7

Your spell library contained the following spells:

 Spells                   Type           Power      Damage    Failure   Level
 Summon Small Mammal      Summ           100%       N/A       0%          1
 Magic Dart               Conj           68%        1d6       1%          1
 Necrotise                Necr           68%        1d7       1%          1
 Sandblast                Erth           34%        2d9       1%          1
 Slow                     Hex            100%       N/A       1%          1
 Blink                    Tloc           34%        N/A       1%          2
 Cigotuvi's Dreadful Rot  Necr/Pois/Air  66%        N/A       1%          2
 Lesser Beckoning         Tloc           34%        N/A       1%          2
 Momentum Strike          Conj/Tloc      34%        3d8       1%          2
 Passwall                 Tmut/Erth      14%        N/A       1%          2
 Scorch                   Fire           34%        2d6       1%          2
 Mephitic Cloud           Conj/Pois/Air  33%        N/A       1%          3
 Cause Fear               Hex            25%        N/A       1%          4
 Gell's Gravitas          Tloc           17%        N/A       4%          3
 Stone Arrow              Conj/Erth      34%        3d9       4%          3
 Teleport Other           Tloc           17%        N/A       4%          3
 Vampiric Draining        Necr           17%        2d7       4%          3
 Dispel Undead            Necr           17%        3d10      13%         4
 Flame Wave               Conj/Fire      17%        2d7       13%         4
 Agony                    Necr           17%        N/A       32%         5
 Alistair's Intoxication  Tmut/Pois      11%        N/A       32%         5
 Borgnjor's Vile Clutch   Necr/Erth      8%         N/A       32%         5
 Death Channel            Necr           8%         N/A       86%         6
 Dispersal                Tloc           8%         N/A       86%         6
 Eringya's Noxious Bog    Tmut/Pois      8%         N/A       86%         6
 Dragon's Call            Summ           43%        N/A       95%         9
 Dragon Form              Tmut           8%         N/A       100%        7


Dungeon Overview and Level Annotations

Branches:
Dungeon (15/15)            Temple (1/1) D:4            Lair (5/5) D:11
 Shoals (0/4) Lair:2        Snake (3/4) Lair:2        Slime (0/5) Lair:4
    Orc (2/2) D:11            Elf (0/3) Orc:2        Vaults (0/5) D:14
  Sewer (visited)         Gauntlet (visited)
 Depths: D:15

Altars:
Ashenzari
Cheibriados
Fedhas
Gozag
Kikubaaqudgha
Makhleb
Nemelex Xobeh
Okawaru
Uskayaw
Wu Jian
Xom
Yredelemnul
Jiyva

Shops:
D:15 :   Orc:1 [   Orc:2 =[:*(

Annotations:
D:12 1 runed translucent door
D:14 1 runed translucent door
D:15 Agnes
Abyss:1 Erolcha


Innate Abilities, Weirdness & Mutations

You have a pair of small horns on your head.
You are mostly covered in slimy green scales. (AC +3)
Your demonic aura often causes spilled blood to erupt in flames.
You are completely covered in sharp spines.
Your mind is acute. (Int +4, Str/Dex -1)
Armour fits poorly on your strangely shaped body.


Message History

Your butterfly disappears in a burst of colours!
Your butterfly explodes!
The fiery explosion engulfs the guardian serpent!!
Fedhas appreciates your contribution to the ecosystem.
The guardian serpent explodes!
Your butterfly explodes! x2
The fiery explosion engulfs you!
Your butterfly explodes!
The fiery explosion engulfs you!
Your butterfly explodes! x2
The fiery explosion engulfs your butterfly!!
Your butterfly disappears in a burst of colours!
The fiery explosion engulfs the salamander.
The salamander completely resists.
The salamander is lightly wounded.
Your butterfly explodes!
The fiery explosion engulfs your butterfly!
Your butterfly disappears in a burst of colours!
The fiery explosion engulfs the salamander.
The salamander completely resists.
The salamander is lightly wounded.
Your butterfly explodes!
The fiery explosion engulfs your butterfly!
Your butterfly disappears in a burst of colours!
Your butterfly explodes! x2
The fiery explosion engulfs the salamander tyrant.
The salamander tyrant completely resists.
The salamander tyrant is lightly wounded.
The fiery explosion engulfs the salamander.
The salamander completely resists.
The salamander is moderately wounded.
The fiery explosion engulfs you!!
* * * LOW HITPOINT WARNING * * *
The fiery explosion engulfs the salamander.
The salamander completely resists.
The salamander is lightly wounded.
The salamander tyrant hits you!
* * * LOW HITPOINT WARNING * * *
You are engulfed in flames!!
You die...
Fedhas appreciates your contribution to the ecosystem.

....♣#. .......
....b..#♣♣
...§b§~..♣### #
N..§§§§§§§..♣ .##
...§§§§§§§§.# #..
#§§§§§§§§## #.#
#§§§N@§§§○♣#.#
##.☼N§§§§§☼§.#
♣♣☼§N§§§§§§.#
#§☼§§§§○§§§.#
#§§§§§§§♣...#
♣♣..♣♣♣####.###+###
#)##.. .###.....
#)#.#####.#.#...#
#)'.......#.#...#


You could see a salamander tyrant (inner flame, strong, ally target), 2
salamanders and a naga (inner flame, unaware).

Vanquished Creatures
  2 orc warlords (Orc:2)
  Fannar (Lair:1)
  2 hydras
  4 anacondas
  2 two-headed ogres
  A death knight (D:9)
  3 naga warriors
  2 death yaks (Lair:5)
  A tengu warrior (D:15)
  4 shock serpents
  3 orc high priests (Orc:2)
  3 naga sharpshooters (Snake:2)
  Sonja (D:10)
  2 lindwurms
  3 orc knights
  A harpy (Lair:2)
  2 orc sorcerers
  3 salamanders
  A cyclops (D:13)
  4 elephants
  2 ice statues
  2 guardian serpents (Snake:3)
  A black mamba (Snake:3)
  2 naga magi
  A cane toad (shapeshifter) (D:14)
  4 cane toads
  2 unseen horrors
  A rime drake (Gauntlet)
  2 tengu conjurers
  4 komodo dragons
  2 trolls
  Grinder (D:6)
  4 nameless horrors
  10 blink frogs
  A shadow (D:10)
  11 yaks
  A wraith (D:9)
  2 wyverns
  A basilisk (Lair:2)
  4 vampire mosquitoes
  2 steam dragons (D:9)
  8 nagas
  3 wargs (Orc:2)
  2 acid dragons
  6 water moccasins
  2 ice beasts
  21 orc warriors
  A sky beast (D:5)
  3 black bears
  2 ogres (Orc:1)
  11 wolves
  A centaur (D:8)
  A phantom (D:3)
  A kobold brigand (D:11)
  9 bullfrogs
  A scorpion (D:6)
  8 wights
  5 howler monkeys
  3 electric eels
  4 crimson imps (D:8)
  A jelly (Lair:4)
  8 orc priests
  3 hounds
  Jessica (D:3)
  2 iguanas (D:5)
  10 orc wizards
  5 adders
  2 gnolls (D:9)
  2 shadow imps
  A white imp (D:8)
  40 orcs
  7 ball pythons
  6 endoplasms
  10 giant cockroaches
  5 goblins (D:3)
  A hobgoblin (D:2)
  6 quokkas
  5 bats
  6 frilled lizards
  8 kobolds
  A rat (D:5)
327 creatures vanquished.

Vanquished Creatures (collateral kills)
  2 nagarajas
  Nessos (D:12)
  A hydra (Lair:5)
  A two-headed ogre (Orc:1)
  2 catoblepae
  3 naga warriors
  2 anacondas (Snake:3)
  13 death yaks
  A deep troll shaman (Lair:5)
  3 naga sharpshooters
  4 salamander mystics
  A harpy (Lair:2)
  A naga ritualist (Snake:3)
  2 lindwurms (Lair:5)
  5 orc sorcerers
  2 mana vipers (Snake:1)
  2 orc knights
  A deep elf pyromancer (D:14)
  2 salamanders
  A manticore (D:11)
  3 cyclopes
  7 elephants
  3 naga magi
  3 black mambas (Snake:2)
  Joseph (Lair:1)
  Maurice (Orc:2)
  6 cane toads
  2 rime drakes
  A yaktaur (D:15)
  5 komodo dragons
  A queen bee (shapeshifter) (D:13)
  2 polar bears
  4 trolls
  14 blink frogs
  4 slime creatures (D:12)
  A wraith (D:10)
  33 yaks
  Grum (Lair:1)
  5 vampire mosquitoes
  3 wargs
  17 nagas
  7 water moccasins
  17 orc warriors
  2 ogres
  12 wolves
  A centaur (D:12)
  A kobold brigand (D:8)
  2 bullfrogs
  A gnoll sergeant (D:9)
  A scorpion (D:11)
  2 wights
  A killer bee (D:9)
  A howler monkey (D:11)
  6 electric eels (Lair:1)
  A hound (D:5)
  3 jellies (Lair:4)
  6 orc priests
  An iguana (D:4)
  15 orc wizards
  2 nameless horrors
  A gnoll (D:9)
  4 adders
  A shadow imp (D:7)
  An ufetubus (D:4)
  A worm (D:3)
  2 dart slugs
  59 orcs
  An endoplasm (D:2)
  A giant cockroach (D:1)
  3 goblins
  3 hobgoblins
  3 jackals (D:4)
  A ball python (D:1)
  2 bats
  A frilled lizard (D:3)
  9 kobolds
  2 rats (D:3)
  4 ballistomycete spores (D:9)
348 creatures vanquished.

Vanquished Creatures (others)
  Gastronok (D:8)
  An orc warlord (Orc:1)
  A minotaur (Gauntlet)
  A centaur warrior (D:9)
  A two-headed ogre (D:12)
  A death yak (Lair:5)
  A shock serpent (Snake:1)
  A mana viper (Snake:1)
  2 orc knights
  2 ugly things (D:9)
  A black mamba (Snake:1)
  4 elephants (Lair:2)
  A rime drake (Gauntlet)
  A komodo dragon (D:7)
  A troll (D:7)
  A meliai (Gauntlet)
  A slime creature (D:12)
  5 yaks
  A wyvern (D:9)
  2 vampire mosquitoes (D:12)
  A warg (Orc:1)
  An acid dragon (Gauntlet)
  8 orc warriors
  5 ogres
  5 wights
  2 orc priests
  3 orc wizards
  5 orcs
  2 jackals (D:5)
  2 snaplasher vines (Lair:4)
64 creatures vanquished.

Grand Total: 739 creatures vanquished

Notes
Turn   | Place    | Note
-------+----------+-------------------------------------------
     0 | D:1      | fishfloyd the Demonspawn Summoner began the quest for the
                  | Orb.
     0 | D:1      | Reached XP level 1. HP: 13/13 MP: 3/3
   437 | D:1      | Gained mutation: You are partially covered in slimy green
                  | scales. (AC +2) [demonic ancestry]
   437 | D:1      | Reached XP level 2. HP: 20/20 MP: 1/5
  1259 | D:2      | Learned a level 2 spell: Call Imp
  1286 | D:2      | Gained mutation: Your demonic aura sometimes causes spilled
                  | blood to erupt in flames. [demonic ancestry]
  1286 | D:2      | Reached XP level 3. HP: 18/25 MP: 1/6
  1544 | D:2      | Reached skill level 1 in Fighting
  1544 | D:2      | Reached skill level 1 in Hexes
  2101 | D:3      | Learned a level 3 spell: Call Canine Familiar
  2203 | D:3      | Noticed Jessica
  2215 | D:3      | Killed Jessica
  2216 | D:3      | Reached skill level 1 in Polearms
  2216 | D:3      | Gained mutation: You are partially covered in sharp spines.
                  | [demonic ancestry]
  2216 | D:3      | Reached XP level 4. HP: 32/32 MP: 2/7
  3361 | D:4      | Noticed a phantom
  3641 | D:3      | Killed a phantom
  3642 | D:3      | Reached XP level 5. HP: 37/38 MP: 3/9
  3659 | D:4      | Found a staircase to the Ecumenical Temple.
  3668 | Temple   | Entered the Ecumenical Temple
  3709 | Temple   | Became a worshipper of Fedhas Madash
  3772 | D:4      | Found a sparkling altar of Nemelex Xobeh.
  3973 | D:4      | Learned a level 3 spell: Summon Guardian Golem
  4285 | D:4      | Noticed an ogre
  4291 | D:4      | Killed an ogre
  4292 | D:4      | Reached skill level 1 in Invocations
  4292 | D:4      | Gained mutation: Your demonic aura often causes spilled
                  | blood to erupt in flames. [demonic ancestry]
  4292 | D:4      | Reached XP level 6. HP: 44/44 MP: 4/10
  4690 | D:5      | Entered Level 5 of the Dungeon
  4756 | D:5      | Reached * piety under Fedhas
  4922 | D:5      | Found a glowing drain.
  4931 | Sewer    | Entered a sewer
  5209 | Sewer    | Reached ** piety under Fedhas
  5234 | Sewer    | Reached skill level 5 in Summonings
  5234 | Sewer    | Reached XP level 7. HP: 46/51 MP: 11/11
  6728 | D:6      | Reached skill level 1 in Air Magic
  7033 | D:6      | Noticed Grinder
  7038 | D:6      | Gained mutation: You are mostly covered in sharp spines.
                  | [demonic ancestry]
  7038 | D:6      | Reached XP level 8. HP: 52/58 MP: 2/13
  7048 | D:6      | Killed Grinder
  7888 | D:7      | Identified the +6 falchion of Vahuog {flame, rN+ Will+}
  8256 | D:7      | Reached skill level 1 in Long Blades
  8264 | D:7      | Noticed a komodo dragon
  8279 | D:7      | Killed a komodo dragon
  8280 | D:7      | Reached XP level 9. HP: 52/65 MP: 4/15
  8371 | D:7      | Learned a level 4 spell: Summon Lightning Spire
  8628 | D:7      | Reached *** piety under Fedhas
  8724 | D:7      | Noticed a troll
  8755 | D:7      | Killed a troll
  8756 | D:7      | Reached skill level 6 in Summonings
  8756 | D:7      | Reached skill level 5 in Invocations
  9747 | D:8      | Noticed Gastronok
  9770 | D:8      | Killed Gastronok
  9771 | D:8      | Reached skill level 5 in Dodging
  9771 | D:8      | Reached skill level 5 in Spellcasting
 10036 | D:8      | Reached skill level 5 in Hexes
 10053 | D:8      | Found a shimmering altar of Xom.
 10072 | D:8      | Reached skill level 5 in Fighting
 10073 | D:8      | Reached XP level 10. HP: 56/74 MP: 17/17
 10532 | D:8      | Found an opulent altar of Gozag.
 10532 | D:8      | Found a burning altar of Makhleb.
 11178 | D:9      | Reached **** piety under Fedhas
 11629 | D:9      | Identified the ring "Usywae" {rPois Str+6 Int-3 Dex+4}
 11629 | D:9      | Noticed a centaur warrior
 11648 | D:9      | Killed a centaur warrior
 11649 | D:9      | Reached skill level 7 in Summonings
 11783 | D:9      | Noticed a brown ugly thing
 11786 | D:9      | Noticed a white ugly thing
 11795 | D:9      | Killed a brown ugly thing
 11804 | D:9      | Killed a brown ugly thing
 11890 | D:9      | Noticed a death knight
 11905 | D:9      | Killed a death knight
 12342 | D:9      | Reached XP level 11. HP: 46/81 MP: 20/20
 12971 | D:10     | Entered Level 10 of the Dungeon
 13005 | D:10     | Found an iron altar of Okawaru.
 13005 | D:10     | Found a hide-covered altar of Uskayaw.
 13005 | D:10     | Noticed Sonja
 13021 | D:10     | Killed Sonja
 13022 | D:10     | Reached skill level 5 in Air Magic
 13119 | D:10     | Found an ornate altar of the Wu Jian Council.
 13232 | D:10     | Reached ***** piety under Fedhas
 13591 | D:10     | Found a basalt altar of Yredelemnul.
 13593 | D:10     | Noticed a profane servitor
 13601 | D:10     | Noticed an angel
 13654 | D:10     | Identified the +8 glaive of the Wheel {venom, Drain +Blink
                  | Dex+3}
 13771 | D:10     | Found an ancient bone altar of Kikubaaqudgha.
 13973 | D:11     | Found a gate leading to a gauntlet.
 13987 | D:11     | Learned a level 3 spell: Confusing Touch
 14011 | Gauntlet | Entered a Gauntlet
 14011 | Gauntlet | Noticed an oklob plant
 14011 | Gauntlet | Found a transporter.
 14011 | Gauntlet | Found a transporter.
 14028 | Gauntlet | Found a transporter.
 14028 | Gauntlet | Found a transporter.
 14039 | Gauntlet | Found a transporter.
 14039 | Gauntlet | Found a transporter.
 14040 | Gauntlet | Noticed a wizard
 14079 | Gauntlet | Found a transporter.
 14079 | Gauntlet | Found a transporter.
 14081 | Gauntlet | Reached skill level 8 in Summonings
 14335 | Gauntlet | Found a transporter.
 14335 | Gauntlet | Found a transporter.
 14335 | Gauntlet | Noticed a thrashing horror
 14355 | Gauntlet | Identified the +1 cloak of Moush {rC+ rN+ Will+++ Int+2}
 14355 | Gauntlet | Noticed a thrashing horror
 14648 | Gauntlet | Found a transporter.
 15441 | Gauntlet | Gained mutation: Armour fits poorly on your strangely
                  | shaped body. [potion of mutation]
 15441 | Gauntlet | Gained mutation: Your mind is acute. (Int +4, Str/Dex -1)
                  | [potion of mutation]
 15461 | Gauntlet | Reached skill level 5 in Long Blades
 15461 | Gauntlet | Found a transporter.
 15468 | Gauntlet | Identified the -1 helmet of Resonant Life {rElec rF+}
 15896 | Gauntlet | Noticed a minotaur
 15909 | Gauntlet | Killed a minotaur
 15967 | Gauntlet | Identified the staff of conjuration "Nirch" {rCorr}
 15967 | Gauntlet | Identified the amulet of Ixozir {Reflect Fragile Int+6
                  | Dex+3 SH+5}
 16064 | D:11     | Found a staircase to the Lair.
 16141 | D:11     | Found a broken altar of Ashenzari.
 16662 | D:11     | Found a staircase to the Orcish Mines.
 17454 | D:11     | Reached skill level 9 in Summonings
 17454 | D:11     | Gained mutation: You have a pair of small horns on your
                  | head. [demonic ancestry]
 17454 | D:11     | Reached XP level 12. HP: 91/91 MP: 1/22
 18116 | D:12     | Found a runed translucent door.
 18118 | D:12     | Noticed a balrug
 18394 | D:12     | Noticed Nessos
 18401 | D:12     | Killed Nessos
 18740 | D:12     | Noticed a two-headed ogre
 18746 | D:12     | Killed a two-headed ogre
 18985 | D:12     | You fall into a shaft and drop 3 floors!
 18985 | D:15     | Entered Level 15 of the Dungeon
 18994 | D:15     | Found Kedis's Book Boutique.
 18995 | D:15     | Noticed a tengu warrior
 19011 | D:15     | Killed a tengu warrior
 19027 | D:15     | Bought a Fen Folio for 756 gold pieces
 19034 | D:15     | Learned a level 6 spell: Summon Cactus Giant
 19283 | D:15     | Noticed Agnes
 19295 | D:14     | Noticed a two-headed ogre
 19305 | D:14     | Found a runed translucent door.
 19319 | D:14     | Noticed a centaur warrior
 19320 | D:14     | Noticed a two-headed ogre
 19321 | D:14     | Found a gate to the Vaults.
 19321 | D:14     | Noticed a two-headed ogre
 19321 | D:14     | Noticed an ogre mage
 19349 | D:14     | Killed a two-headed ogre
 19350 | D:14     | Reached skill level 10 in Summonings
 19370 | D:13     | Reached skill level 10 in Invocations
 19940 | D:12     | Noticed Erolcha
 19960 | D:12     | Banished Erolcha
 20627 | Lair:1   | Entered Level 1 of the Lair of Beasts
 20627 | Lair:1   | Noticed Joseph
 20639 | Lair:1   | Killed Joseph
 20782 | Lair:1   | Learned a level 5 spell: Summon Forest
 20943 | Lair:1   | Noticed Fannar
 20969 | Lair:1   | Killed Fannar
 21317 | Lair:1   | HP: 3/92 [electric eel/bolt of electricity (10)]
 21333 | Lair:1   | HP: 1/92 [electric eel/bolt of electricity (9)]
 22130 | Lair:1   | Noticed Grum
 22137 | Lair:1   | Killed Grum
 22143 | Lair:1   | Reached XP level 13. HP: 82/98 MP: 9/24
 24451 | Lair:2   | Found a staircase to the Shoals.
 24456 | Lair:2   | Reached skill level 11 in Summonings
 25243 | Lair:2   | Found a staircase to the Snake Pit.
 26300 | Lair:3   | Reached ****** piety under Fedhas
 28094 | Lair:4   | Reached skill level 12 in Summonings
 28559 | Lair:4   | Gained mutation: You are mostly covered in slimy green
                  | scales. (AC +3) [demonic ancestry]
 28559 | Lair:4   | Reached XP level 14. HP: 108/108 MP: 12/26
 29071 | Lair:4   | Found a staircase to the Slime Pits.
 29072 | Lair:4   | Found a viscous altar of Jiyva.
 29536 | Lair:4   | Found the +8 whip "Snakebite" {venom, curare, rPois}
 29592 | Lair:4   | Identified the staff of conjuration "Jatysome" {rN+}
 29884 | Lair:4   | Identified the +5 flail "Zuvutw Jilyw" {spect, *Rage rElec
                  | rCorr Int+5}
 30339 | Lair:5   | Entered Level 5 of the Lair of Beasts
 31066 | Lair:5   | Identified the +1 flail "Xunyol" {venom, rC++ Dex+6 Stlth-}
 31249 | Lair:5   | Reached skill level 13 in Summonings
 31252 | Lair:5   | Reached skill level 10 in Fighting
 32400 | Orc:1    | Entered Level 1 of the Orcish Mines
 32566 | Orc:1    | Found a transporter.
 32566 | Orc:1    | Found Ehoexate's Antique Armour Shop.
 32590 | Orc:1    | Found a transporter.
 32730 | Orc:1    | Noticed an orc warlord
 32743 | Orc:1    | Killed an orc warlord
 33626 | Orc:1    | Gained mutation: You are completely covered in sharp
                  | spines. [demonic ancestry]
 33626 | Orc:1    | Reached XP level 15. HP: 108/109 MP: 13/28
 33905 | Orc:2    | Entered Level 2 of the Orcish Mines
 33905 | Orc:2    | Found a staircase to the Elven Halls.
 33928 | Orc:2    | Noticed Maurice
 34167 | Orc:2    | Killed Maurice
 35080 | Orc:2    | Found Impu's Book Emporium.
 35220 | Orc:2    | Bought a book of the Dragon for 552 gold pieces
 35228 | Orc:2    | Learned a level 7 spell: Summon Hydra
 35580 | Orc:2    | Reached skill level 14 in Summonings
 35911 | Orc:2    | Found Joekk's Antique Armour Boutique.
 35931 | Orc:2    | Found Odejiyl's Jewellery Shop.
 35939 | Orc:2    | Bought a ring of wizardry for 540 gold pieces
 36050 | Orc:2    | Found Veplauti's Antique Weapon Shop.
 36111 | Orc:2    | Bought a ring of protection from fire for 450 gold pieces
 36183 | Orc:2    | Found Joezidou's General Store.
 36517 | Snake:1  | Entered Level 1 of the Snake Pit
 36691 | Snake:1  | Reached skill level 10 in Spellcasting
 36715 | Snake:1  | Reached skill level 10 in Dodging
 37373 | Snake:1  | You are sucked into a shaft and drop 1 floor!
 38830 | Snake:2  | Noticed a nagaraja
 38856 | Snake:2  | Killed a nagaraja
 39714 | Snake:3  | Noticed a nagaraja
 39719 | Snake:3  | Killed a nagaraja
 39900 | Snake:3  | Reached XP level 16. HP: 125/125 MP: 12/30
 40052 | Snake:3  | HP: 5/125 [salamander tyrant (11)]
 40052 | Snake:3  | Demolished by a salamander tyrant

Illustrated notes

Levels and vault maps discovered:
D:1:      wheals_arrival_linesprint, layout_loops_cross
D:2:      layout_basic
D:3:      layout_basic, serial_bayou, serial_bayou_pond_e, serial_bayou_ford_a,
          serial_bayou_shore_b, serial_bayou_pond_c, serial_bayou_pond_c,
          serial_bayou_pond_e, uniq_jessica
D:4:      layout_basic, nemelex_diamond_rough_becter,
          minmay_temple_entry_mini_moons
D:5:      layout_basic, gup_sewer_entry_bubbles
D:6:      layout_loops_ring, uniq_grinder
D:7:      cheibrodos_helix_gallery, layout_loops_ring, grunt_decor_fettered
D:8:      layout_cave_pods, led_xom_imps, gammafunk_temple_overflow_elements,
          kennysheep_generic_room_3, uniq_gastronok
D:9:      minmay_the_grid_square_5x5_3x3 [minmay_the_grid_square_5x5_percent,
          minmay_the_grid_square_5x5_inner_z,
          minmay_the_grid_square_5x5_spiral_small,
          minmay_the_grid_square_5x5_minibox,
          minmay_the_grid_square_5x5_megaprize_checkered,
          minmay_the_grid_square_5x5_shrine2,
          minmay_the_grid_square_5x5_six_small,
          minmay_the_grid_square_5x5_pentomino_r,
          minmay_the_grid_square_5x5_three], layout_basic
D:10:     layout_rooms, grunt_temple_overflow_holy_war, amcnicky_altar_gilded,
          mainiacjoe_overflow_divided_tiny, kennysheep_mini, uniq_sonja
D:11:     layout_grid_maze, due_lair_maze_entry_diamond, david_orc_5,
          gauntlet_entry_generic, chequers_serial_rivers_micro_d,
          ashenzari_altar_1
D:12:     dreamdust_dug_too_deep, layout_loops_corners, special_room
          [special_room_orc], uniq_nessos, uniq_erolcha
D:13:     layout_rooms
D:14:     layout_long_grid, david_vaults_2, muffindrake_ghost_dual_entry,
          minmay_shattered_shrine
D:15:     grunt_enter_depths_snipers, layout_layer_cave,
          hangedman_abyss_or_decor_slice, serial_shops,
          nicolae_shop_real_fake_doors, nicolae_shop_waterfront, uniq_agnes
Temple:   hellmonk_temple_forest_ring
Lair:1:   layout_chaotic_city, grunt_forest_stairs_basic, serial_bayou_lagoon_a,
          serial_bayou_lake_a, grunt_megastairs_3, uniq_joseph, uniq_grum,
          uniq_fannar
Lair:2:   layout_regular_city, nicolae_shoals_entry_roost,
          minmay_snake_entry_guardpost_small, st_stairs_13, grunt_megastairs_2,
          serial_bayou_shore_b
Lair:3:   layout_regular_city
Lair:4:   statuecave_lemuel, layout_hall_layers, nicolae_slime_entry_slimehenge,
          nicolae_lair_grove_arrangements
Lair:5:   grunt_lair_end_beastmaster, layout_cave_pods, wad_woods_road_03,
          nicolae_lair_lindhole
Snake:1:  layout_misc_corridors, uniq_kirke
Snake:2:  layout_layer_cave, nicolae_snake_biting_tails,
          nicolae_snake_salamander_stairs
Snake:3:  layout_grid_shapes, special_room, grunt_ministairs_10,
          grunt_megastairs_1
Orc:1:    layout_diamond_mine, serial_shops, shop, nicolae_shop_drivethru,
          hellmonk_guarded_unrand_dark_maul
Orc:2:    grunt_orc_gardens, layout_caves, grunt_orc_garden, grunt_orc_garden,
          grunt_orc_garden, grunt_orc_garden, serial_shops, shop, basic_altar,
          uniq_maurice

Skill      XL: |  1  2  3  4  5  6  7  8  9 10 11 12 13 14 15 |
---------------+----------------------------------------------+-----
Dodging        | 2 3 4 5 6 7 8 9 10 | 10.4
Fighting       | 1 2 3 4 5 6 7 8 9 10 11 | 11.2
Hexes          | 1 2 3 4 5 |  5.0
Polearms       | 1 2 3 |  3.2
Invocations    | 1 2 3 4 6 7 9 10 11 13 | 13.2
Spellcasting   | 3 4 5 6 7 8 9 10 | 10.4
Summonings     | 5 6 7 9 10 12 13 14 | 14.8
Air Magic      | 1 2 3 4 5 6 7 |  7.0
Long Blades    | 1 3 4 5 6 7 8 9 |  9.8
Stealth        | |  1.7
Unarmed Combat | |  0.1

Action                     |  1- 3 |  4- 6 |  7- 9 | 10-12 | 13-15 | 16-18 || total
---------------------------+-------+-------+-------+-------+-------+-------++-------
  Melee: Unarmed           |    47 |       |       |       |       |       ||    47
         Spear             |    75 |   128 |    55 |       |       |       ||   258
         Punch             |       |     3 |     1 |     2 |     1 |     2 ||     9
         Falchion          |       |       |    40 |    89 |       |       ||   129
         Double sword      |       |       |       |    66 |   224 |    14 ||   304
         Headbutt          |       |       |       |    10 |    56 |     3 ||    69
   Cast: Summon Small Mamm |    37 |    26 |    19 |     5 |       |       ||    87
         Call Imp          |     9 |    18 |    13 |    12 |     6 |       ||    58
         Call Canine Famil |     1 |     7 |    18 |    36 |    33 |       ||    95
         Summon Guardian G |       |     2 |    13 |    65 |    36 |       ||   116
         Summon Lightning  |       |       |       |    50 |    96 |     3 ||   149
         Confusing Touch   |       |       |       |     1 |     1 |       ||     2
         Summon Cactus Gia |       |       |       |     4 |    95 |     2 ||   101
         Summon Forest     |       |       |       |       |    22 |     1 ||    23
         Summon Hydra      |       |       |       |       |    13 |     1 ||    14
 Invoke: Grow Ballistomyce |       |       |       |     1 |       |       ||     1
         Wall of Briars    |       |       |       |       |     1 |       ||     1
  Evoke: Wand              |       |       |     4 |     1 |       |       ||     5
    Use: Scroll            |     2 |     5 |     8 |    18 |    11 |     2 ||    46
         Potion            |     1 |     1 |     4 |     9 |     5 |       ||    20
   Stab: Sleeping          |     4 |     3 |     3 |       |     1 |       ||    11
         Invisible         |       |     1 |       |       |       |       ||     1
         Distracted        |       |       |       |     4 |     5 |       ||     9
 Armour: Robe              |    43 |    32 |    26 |    44 |    37 |       ||   182
         Ice dragon scales |       |       |       |    10 |       |       ||    10
         Skin              |       |       |       |     3 |     8 |       ||    11
         Troll leather arm |       |       |       |       |    23 |     5 ||    28
  Dodge: Dodged            |    98 |    47 |    44 |   121 |   253 |    25 ||   588
  Block: Other             |       |       |       |    11 |    85 |     3 ||    99
         Reflection        |       |       |       |     1 |     5 |       ||     6
